 Dungeon Crawl Stone Soup version 0.16.2-2-g470672f (webtiles) character file.

174 monobi the Sneak (level 5, -2/36 HPs)
             Began as an Octopode Monk on Sept 3, 2015.
             Slain by a goblin
             ... wielding a +0 club
              (5 damage)
             ... on level 2 of the Dungeon.
             The game lasted 00:03:07 (1666 turns).

monobi the Sneak (Octopode Monk)                    Turns: 1666, Time: 00:03:07

Health: -2/36      AC:  1    Str: 10    XL:     5   Next: 54%
Magic:  5/5        EV: 13    Int: 13    God:
Gold:   90         SH:  0    Dex: 15    Spells: 0 memorised, 4 levels left

rFire  . . .     SeeInvis .       - Unarmed
rCold  . . .     Clarity  .     (no shield)
rNeg   . . .     SustAb   .     (helmet restricted)
rPois  .         Gourm    .     (no amulet)
rElec  .         Spirit   .     (no ring)
rCorr  .         Warding  .     (no ring)
rMut   .         Stasis   .     (no ring)
MR     .....                    (no ring)
Stlth  +++++.....               (no ring)
                                (no ring)
                                (no ring)
                                (no ring)

@: not resistant to hostile enchantments, quite stealthy
A: almost no armour, amphibious, 8 rings, constrict 8, camouflage 1, gelatinous
body 1
a: no special abilities


You were on level 2 of the Dungeon.
You were not hungry.

You visited 1 branch of the dungeon, and saw 2 of its levels.

You collected 90 gold pieces.

Inventory:

Scrolls
 a - a scroll of enchant weapon {unknown}
 c - 2 scrolls of identify {unknown}
 d - a scroll of blinking {unknown}
 e - 2 scrolls of remove curse {unknown}
 f - 2 scrolls of fear {unknown}
 h - a scroll of fog {unknown}
 j - 2 scrolls of teleportation {unknown}
Comestibles
 b - 2 bread rations


   Skills:
 - Level 3.0 Fighting
 - Level 3.0 Dodging
 * Level 5.9 Stealth
 * Level 5.4 Unarmed Combat


You had 4 spell levels left.
You didn't know any spells.

Dungeon Overview and Level Annotations

Branches:
Dungeon (2/15)

Altars:
Qazlal


Innate Abilities, Weirdness & Mutations

You cannot wear most types of armour.
You are amphibious.
You can wear up to eight rings at the same time.
You can use your tentacles to constrict many enemies at once.
Your skin changes colour to match your surroundings (Stealth).
Your rubbery body absorbs attacks (AC +1).


Message History

You squeeze the hobgoblin, but do no damage.
You constrict the hobgoblin. The goblin misses you. The hobgoblin hits you.
* * * LOW HITPOINT WARNING * * *
You tentacle-slap the hobgoblin.
You squeeze the hobgoblin, but do no damage.
The hobgoblin is almost dead.
You constrict the hobgoblin, but do no damage.
The goblin closely misses you. The hobgoblin hits you.
* * * LOW HITPOINT WARNING * * *
You tentacle-slap the hobgoblin.
You kill the hobgoblin!
The goblin closely misses you.
You closely miss the goblin. You grab the goblin. You squeeze the goblin.
The goblin is heavily wounded.
You constrict the goblin, but do no damage.
The goblin hits you but does no damage.
You tentacle-slap the goblin.
You kill the goblin!
The goblin hits you with a club.
You die...

### ..### ##### (...#
#...###########
#.#.####.............###
#.#.##.......##........
#.#.............# ##.##
..............#####...####g#
.##.##.....##..g@))..?....g.
...........########)..####.#
.##.##..#.## ##.##
....##..#.# .# ##...#..#.#
.# #...#..#.# .# #...#.)..#
.# . ##..###.### .# #.#
....# #.# . ##.#


You could see a goblin (frenzied).

Vanquished Creatures
  Sigmund (D:2)
  Terence (D:2)
  Robin (D:2)
  4 adders (D:2)
  2 giant cockroaches
  16 goblins
  A hobgoblin (D:2)
  2 kobolds (D:2)
  A ball python (D:1)
  9 bats
  2 giant newts
  7 rats
47 creatures vanquished.

Notes
Turn   | Place    | Note
--------------------------------------------------------------
     0 | D:1      | monobi, the Octopode Monk, began the quest for the Orb.
     0 | D:1      | Reached XP level 1. HP: 16/16 MP: 1/1
   182 | D:1      | Reached XP level 2. HP: 18/21 MP: 2/2
   565 | D:2      | Found a stormy altar of Qazlal.
   565 | D:2      | Noticed Terence
   572 | D:2      | Noticed Sigmund
   574 | D:2      | Killed Terence
   574 | D:2      | Reached XP level 3. HP: 17/26 MP: 3/3
  1066 | D:2      | Killed Sigmund
  1066 | D:2      | Reached skill level 5 in Stealth
  1066 | D:2      | Reached skill level 5 in Unarmed Combat
  1066 | D:2      | Reached XP level 4. HP: 20/31 MP: 4/4
  1066 | D:2      | Reached XP level 5. HP: 23/36 MP: 5/5
  1633 | D:2      | Noticed Robin
  1661 | D:2      | Killed Robin
  1666 | D:2      | Slain by a goblin

Action                   |  1- 3 |  4- 6 || total
-------------------------+-------+-------++-------
Melee: Unarmed           |    49 |    40 ||    89
  Use: Potion            |     4 |     3 ||     7
 Stab: Sleeping          |     6 |     2 ||     8
  Eat: Meat ration       |       |     1 ||     1
